 Dungeon Crawl Stone Soup version 0.28.0-53-g5a82cb258f (webtiles) character file.

Game seed: 4388783775258743953

85 Sin92 the Skirmisher (level 4, -4/35 HPs)
             Began as a Demonspawn Fighter on June 16, 2022.
             Slain by Grinder (5 damage)
             ... while paralysed by Grinder
             ... on level 3 of the Dungeon.
             The game lasted 00:02:38 (1853 turns).

Sin92 the Skirmisher (Demonspawn Fighter)           Turns: 1853, Time: 00:02:38

Health: -4/35      AC:  6    Str: 19    XL:     4   Next: 25%
Magic:  4/4        EV:  2    Int:  9    God:
Gold:   140        SH:  0    Dex: 12    Spells: 3/3 levels left

rFire   . . .      SeeInvis .   a - +1 war axe
rCold   . . .      Faith    .   c - +0 buckler
rNeg    . . .      Spirit   .   b - +0 scale mail
rPois   .          Reflect  .   (no helmet)
rElec   .          Harm     .   (no cloak)
rCorr   .          Rampage  .   (no gloves)
Will    .....                   (no boots)
Stlth   ..........              (no amulet)
HPRegen 0.11/turn               (no ring)
MPRegen 0.09/turn               (no ring)

@: paralysed, mighty
A: powered by pain 1, sturdy frame 1, condensation shield
a: no special abilities


You were on level 3 of the Dungeon.
You visited 1 branch of the dungeon, and saw 3 of its levels.

You collected 140 gold pieces.

Inventory:

Hand Weapons
 a - a +1 war axe (weapon)
Armour
 b - a +0 scale mail (worn)
 c - a +0 buckler (worn)
Wands
 g - a wand of flame (15)
Scrolls
 l - 3 scrolls of identify
Potions
 f - a potion of curing {unknown}
 h - a potion of ambrosia
 i - a potion of resistance {unknown}
 j - a potion of flight {unknown}


   Skills:
 + Level 3.4 Fighting
 + Level 2.3 Axes
 + Level 3.2 Armour
 + Level 1.4 Dodging
 + Level 3.1 Shields


You had 3 spell levels left.
You didn't know any spells.
Your spell library contained the following spells:

 Spells                   Type           Power      Damage    Failure   Level
 Call Canine Familiar     Summ           0%         N/A       97%         3
 Summon Guardian Golem    Hex/Summ       0%         N/A       97%         3
 Spellforged Servitor     Conj/Summ      0%         N/A       100%        7
 Summon Hydra             Summ           0%         N/A       100%        7


Dungeon Overview and Level Annotations

Branches:
Dungeon (3/15)

Altars:

Annotations:
D:3 Grinder


Innate Abilities, Weirdness & Mutations

You sometimes gain a little power by taking damage.
Your movements are slightly less encumbered by armour. (ER -2)
A meltable shield of frost defends you. (SH +4)


Message History

Pain shoots through your body!
Unknown command.
Grinder hits you.
You writhe in agony.
It was a potion of heal wounds.
You feel much better. You block Grinder's attack.
Grinder blinks!
You feel very mighty all of a sudden.
Grinder says, "What is the universe for?"
Found a wand of flame (18).
You slash Grinder!
Grinder is heavily wounded.
You block Grinder's attack. Grinder gestures at you.
You resist with significant effort.
You barely miss Grinder.
Grinder is heavily wounded.
Grinder blinks!
Grinder completely misses you. Grinder gestures at you.
Pain shoots through your body!
You barely miss Grinder.
Grinder is heavily wounded.
Grinder gestures at you. Pain shoots through your body! Grinder hits you.
* * * LOW HITPOINT WARNING * * *
You writhe in agony.
* * * LOW HITPOINT WARNING * * *
You barely miss Grinder.
Grinder is heavily wounded.
Grinder barely misses you. x2
You barely miss Grinder.
Grinder is heavily wounded.
You block Grinder's attack. x2
You closely miss Grinder.
Grinder is heavily wounded.
Grinder gestures at you.
You suddenly lose the ability to move!
Grinder blinks!
Grinder hits you.
* * * LOW HITPOINT WARNING * * *
You writhe in agony.
You die...

#####...........##
°○○.#####....####
°☼○.....#..#.#
§○☼.....#.?#.#
#...$...#.#
#......##..#
#...........
#..5........
#..@.........
/.................
....#####..[......
... #......... ##
.........
#........ .......
..#####


You could see Grinder (fast).

Vanquished Creatures
  A gnoll (D:1)
  2 adders (D:2)
  2 worms (D:2)
  A dart slug (D:1)
  4 ball pythons
  6 bats
  5 endoplasms
  2 giant cockroaches (D:1)
  7 goblins
  9 hobgoblins
  A kobold (D:1)
  2 frilled lizards (D:1)
  5 rats
47 creatures vanquished.

Notes
Turn   | Place    | Note
-------+----------+-------------------------------------------
     0 | D:1      | Sin92 the Demonspawn Fighter began the quest for the Orb.
     0 | D:1      | Reached XP level 1. HP: 18/18 MP: 1/1
   135 | D:1      | Gained mutation: A meltable shield of frost defends you.
                  | (SH +4) [demonic ancestry]
   135 | D:1      | Reached XP level 2. HP: 20/24 MP: 2/2
   284 | D:1      | Gained mutation: You sometimes gain a little power by
                  | taking damage. [demonic ancestry]
   284 | D:1      | Reached XP level 3. HP: 29/29 MP: 3/3
   289 | D:1      | Reached skill level 1 in Dodging
  1018 | D:2      | Found a faded altar of an unknown god.
  1310 | D:2      | Gained mutation: Your movements are slightly less
                  | encumbered by armour. (ER -2) [demonic ancestry]
  1310 | D:2      | Reached XP level 4. HP: 35/35 MP: 4/4
  1571 | D:2      | Got Qasorgh's Catalogue of the Escort
  1830 | D:3      | Noticed Grinder
  1833 | D:3      | Paralysed by Grinder for 4 turns
  1851 | D:3      | Paralysed by Grinder for 3 turns
  1853 | D:3      | HP: 1/35 [Grinder (6)]
  1853 | D:3      | Slain by Grinder

Illustrated notes

Levels and vault maps discovered:
D:1:      erik_arrival_cave_to_civilisation [erik_arrival_cave_to_hall],
          layout_basic, minivault_27, skrybe_limestone_x,
          kennysheep_pointless_box
D:2:      layout_loops_corners, hellmonk_ecumenical_altar_lost_god
D:3:      layout_rooms, nicolae_dithmenos_shadow_blocks, lemuel_flame_loot_1,
          uniq_grinder

Skill      XL: |  1  2  3 |
---------------+----------+-----
Axes           | 2 |  2.3
Dodging        | 1 |  1.4
Shields        | 3 |  3.1
Armour         | 3 |  3.2
Fighting       | |  3.4

Action                   |  1- 3 |  4- 6 || total
-------------------------+-------+-------++-------
Melee: War axe           |    88 |    27 ||   115
  Use: Scroll            |     3 |     2 ||     5
       Potion            |       |     2 ||     2
Armor: Scale mail        |    35 |     8 ||    43
Dodge: Dodged            |    36 |    17 ||    53
Block: Buckler           |    26 |    14 ||    40
